 Dungeon Crawl Stone Soup version 0.30-a0-715-gdb4ae3ece1 (webtiles) character file.

Game seed: 10843472550310375243

20553 Fenrisus the Destroyer (level 12, -10/81 HPs)
             Began as a Grey Draconian Conjurer on Jan 23, 2023.
             Was a Priest of Hepliaklqana.
             Succumbed to Nessos's poison
             ... on level 1 of the Orcish Mines.
             The game lasted 01:23:45 (14121 turns).

Fenrisus the Destroyer (Grey Draconian Conjurer)   Turns: 14121, Time: 01:23:46

Health: -10/81     AC: 15    Str:  9    XL:     12   Next: 46%
Magic:  24/24      EV: 19    Int: 32    God:    Hepliaklqana [***...]
Gold:   1063       SH:  0    Dex: 10    Spells: 14/28 levels left

rFire   . . .      SeeInvis .    n - staff of conjuration
rCold   . . .      Faith    .    (no shield)
rNeg    . . .      Spirit   .    (body armour unavailable)
rPois   .          Reflect  .    I - +2 hat {Stlth+}
rElec   .          Harm     .    (no cloak)
rCorr   .          Rampage  .    (no gloves)
Will    +....                    (no boots)
Stlth   +++++                    f - amulet of magic regeneration
HPRegen 0.33/turn                B - +6 ring of intelligence
MPRegen 0.59/turn                i - +5 ring of evasion

@: lethally poisoned (-10 -> -43)
A: reduced essence, AC +13, amphibious, unfitting armour, cold-blooded, clever
1, strong-willed 1
a: Renounce Religion, Recall Ancestor, Ancestor Identity, Transference


You were on level 1 of the Orcish Mines.
You worshipped Hepliaklqana.
Hepliaklqana was most pleased with you.
You visited 3 branches of the dungeon, and saw 12 of its levels.

You collected 1063 gold pieces.

Inventory:

Hand Weapons
 o - the +12 war axe of Crusades {venom, rPois rN+ rCorr}
   (You took it off a hobgoblin on level 2 of the Dungeon)

   rPois:     It protects you from poison.
   rN:        It protects you from negative energy.
   rCorr:     It protects you from acid and corrosion.
 J - a +0 arbalest of draining
 L - a +3 arbalest of freezing
Armour
 I - a +2 hat of stealth (worn)
Magical Staves
 n - a staff of conjuration (weapon)
 v - a staff of conjuration
Jewellery
 b - an amulet of faith
 e - a ring of flight
 f - an amulet of magic regeneration (around neck)
 i - a +5 ring of evasion (right hand)
 k - a ring of protection from fire
 m - a +6 ring of strength
 p - a +4 ring of protection
 y - a ring of resist corrosion
 A - a ring of fire
 B - a +6 ring of intelligence (left hand)
 D - a ring of magical power
Wands
 l - a wand of flame (18)
 q - a wand of polymorph (9)
 E - a wand of charming (7)
 K - a wand of mindburst (12)
Scrolls
 a - 3 scrolls of enchant weapon
 d - a scroll of magic mapping
 g - a scroll of blinking
 h - 2 scrolls of teleportation
 w - a scroll of fog
 C - 2 scrolls of poison
 F - 5 scrolls of identify
Potions
 c - a potion of might
 j - a potion of flight {unknown}
 r - 3 potions of lignification
 s - a potion of haste {unknown}
 t - a potion of ambrosia
 u - a potion of attraction {unknown}
 x - a potion of mutation
 G - a potion of brilliance


   Skills:
 - Level 4.0 Fighting
 - Level 1.2 Axes
 - Level 3.3 Staves
 + Level 8.5 Dodging
 + Level 9.3 Stealth
 + Level 8.6 Spellcasting
 + Level 10.0 Conjurations
 + Level 7.2 Hexes
 + Level 4.9 Invocations


You had 14 spell levels left.
You knew the following spells:

 Your Spells              Type           Power      Damage    Failure   Level
a - Magic Dart            Conj           100%       1d8       1%          1
b - Searing Ray           Conj           100%       2d8       1%          2
c - Fulminant Prism       Conj/Hex       40%        3d19      1%          4
d - Iskenderun's Mystic   Conj/Tloc      62%        2d13      4%          4
e - Dazzling Flash        Conj/Hex       100%       N/A       1%          3

Your spell library contained the following spells:

 Spells                   Type           Power      Damage    Failure   Level
 Gell's Gravitas          Tloc           13%        N/A       11%         3
 Teleport Other           Tloc           13%        N/A       11%         3
 Dispersal                Tloc           6%         N/A       99%         6


Dungeon Overview and Level Annotations

Branches:
Dungeon (9/15)             Temple (1/1) D:7             Orc (2/2) D:9
   Lair: D:8-11         Elf: Orc:2

Altars:
Ashenzari
Cheibriados
Dithmenos
Elyvilon
Gozag
Hepliaklqana
Makhleb
Okawaru
Qazlal
Ru
Sif Muna
Trog
Uskayaw
Vehumet
Wu Jian
Zin
The Shining One

Shops:
D:2 =   Orc:2 =?[*

Annotations:
D:3 3 runed translucent doors, Regoshi's ghost, amateur NaVM
D:4 Dowan; Duvessa
D:5 3 runed translucent doors, wpisznazwe's ghost, weakling VSDe
Orc:2 Nessos


Innate Abilities, Weirdness & Mutations

Your life essence is reduced to manifest your ancestor. (-10% HP)
Your dull iron-grey scales are very hard. (AC +13)
You are amphibious.
You cannot fit into any form of body armour.
You are cold-blooded and may be slowed by cold attacks.
Your mind is acute. (Int +4, Str/Dex -1)
You are strong-willed. (Will+)


Message History

Nessos casts a spell.
Nessos blinks!
You feel better.
Nessos mumbles some strange words.
Nessos blinks!
Nessos mumbles some strange words.
Nessos blinks!
Nessos shoots an arrow.
The arrow completely misses you.
Nessos shoots an arrow.
The arrow hits you!
* * * LOW HITPOINT WARNING * * *
The arrow burns you.
* * * LOW HITPOINT WARNING * * *
Msizi closely misses Nessos.
You feel much better.
Nessos shoots an arrow.
The arrow closely misses you.
Msizi hits Nessos with a +0 flail.
Nessos stands on their hind legs for a moment.
Nessos shoots an arrow.
The arrow hits you but does no damage.
Nessos casts a spell.
Nessos blinks!
Things that are here:
a +0 scimitar; a +0 plate armour Nessos shoots an arrow.
The arrow misses you.
Nessos intently looks at you, slowly moving their tail.
Nessos shoots an arrow.
The arrow hits you.
* * * LOW HITPOINT WARNING * * *
The arrow burns you.
You are poisoned.
* * * LOW HITPOINT WARNING * * *
There is a stone staircase leading up here.
Magic restored.
You feel very sick.
Nessos shoots an arrow.
The arrow hits you!
* * * LOW HITPOINT WARNING * * *
The arrow burns you.
You are more poisoned.
* * * LOW HITPOINT WARNING * * *
Nessos shoots an arrow.
The arrow misses you.
Nessos shoots an arrow.
The arrow barely misses you.
You climb upwards.
You die...

##.......##........##.###
#........#....#.........#
##.#.........#......#....
##..........#......###..
#####......................
##..#..............##.......
#.................#.#..#....
##...........................
#...........@................
#.........#...........#......
#.....#..........#...#.......
##...#................#).....
##.......................[...#
#..................[.....[....
#..................<.)..[[....
#....#.#......#..##.....##[....
##...........##......))........


There were no monsters in sight!

Vanquished Creatures
  Gastronok (D:8)
  Erolcha (Orc:1)
  Josephine (D:9)
  Erica (D:8)
  An orc sorcerer (Orc:1)
  10 orc knights
  Joseph (D:7)
  Psyche (D:9)
  4 gargoyles (D:9)
  Maggie (D:7)
  A troll (D:9)
  Grinder (D:4)
  A vampire (D:9)
  3 wraiths
  8 yaks
  Eustachio (D:6)
  Grum (D:8)
  A steam dragon (D:8)
  5 wargs
  2 acid dragons (D:9)
  25 orc warriors
  A sky beast (D:6)
  4 wolves (D:8)
  5 ogres
  A phantom (D:6)
  2 centaurs (D:6)
  2 kobold brigands
  A gnoll sergeant (D:8)
  3 scorpions
  A bullfrog (D:7)
  5 wights
  3 killer bees (D:7)
  A howler monkey (D:7)
  4 hounds
  9 orc priests
  3 jellies
  3 iguanas
  9 orc wizards
  7 gnolls
  11 adders
  2 white imps (D:8)
  An ufetubus (D:7)
  2 dart slugs
  62 orcs
  6 ball pythons
  5 bats
  5 endoplasms
  A giant cockroach (D:3)
  4 goblins
  3 hobgoblins (D:2)
  11 kobolds
  A quokka (D:4)
  3 frilled lizards (D:2)
  A rat (D:2)
  23 fulminant prisms
276 creatures vanquished.

Vanquished Creatures (collateral kills)
  An orc knight (Orc:2)
  A cyclops (D:9)
  A troll (D:9)
  A yak (D:9)
  A steam dragon (D:9)
  4 wargs
  3 orc warriors (Orc:2)
  A bullfrog (D:8)
  A wight (D:9)
  2 orc wizards
  A gnoll (D:8)
  3 orcs
20 creatures vanquished.

Vanquished Creatures (others)
  6 knights
  4 ancestors
  A hobgoblin (D:8)
  257 fulminant prisms
  4 plants (D:4)
272 creatures vanquished.

Grand Total: 568 creatures vanquished

Notes
Turn   | Place    | Note
-------+----------+-------------------------------------------
     0 | D:1      | Fenrisus the Draconian Conjurer began the quest for the
                  | Orb.
     0 | D:1      | Reached XP level 1. HP: 14/14 MP: 3/3
   793 | D:2      | Reached XP level 2. HP: 20/20 MP: 3/5
   803 | D:2      | Learned a level 2 spell: Searing Ray
  1043 | D:2      | Reached XP level 3. HP: 26/26 MP: 4/6
  1092 | D:2      | Found Kikhlod's Jewellery Shoppe.
  1111 | D:2      | Found a sacrificial altar of Ru.
  1117 | D:2      | Identified the +12 war axe of Crusades {venom, rPois rN+
                  | rCorr}
  1489 | D:3      | Found a glowing silver altar of Zin.
  1583 | D:3      | Found a shimmering blue altar of Sif Muna.
  1648 | D:3      | Reached XP level 4. HP: 34/34 MP: 1/7
  1652 | D:3      | Reached skill level 1 in Fighting
  1770 | D:3      | Reached skill level 1 in Axes
  2112 | D:3      | Identified the +5 sling "Killer Klown's Curse" {drain,
                  | Will+}
  2113 | D:3      | Noticed Regoshi's ghost (amateur NaVM)
  2114 | D:3      | Found a runed translucent gate.
  2115 | D:3      | Found a runed translucent gate.
  2116 | D:3      | Found a runed translucent gate.
  2437 | D:4      | Noticed Duvessa
  2437 | D:4      | Noticed Dowan
  2595 | D:4      | Reached XP level 5. HP: 40/40 MP: 6/9
  2675 | D:4      | Found a white marble altar of Elyvilon.
  2778 | D:4      | Noticed Grinder
  2788 | D:4      | Reached skill level 1 in Staves
  2843 | D:4      | Reached XP level 6. HP: 35/48 MP: 7/10
  2910 | D:4      | Paralysed by Grinder for 5 turns
  2917 | D:4      | Paralysed by Grinder for 2 turns
  2931 | D:4      | Killed Grinder
  2932 | D:4      | Reached skill level 5 in Conjurations
  3070 | D:5      | Entered Level 5 of the Dungeon
  3085 | D:5      | Found a glowing golden altar of the Shining One.
  3114 | D:5      | Your scales start taking on a dull iron-grey colour.
  3114 | D:5      | Reached XP level 7. HP: 56/56 MP: 9/12
  3404 | D:5      | Gained mutation: You are partially covered in large bone
                  | plates. (SH +4) [potion of mutation]
  3404 | D:5      | Gained mutation: Your spells are a little easier to cast,
                  | but a little less powerful. [potion of mutation]
  3406 | D:5      | Lost mutation: You are partially covered in large bone
                  | plates. (SH +4) [potion of mutation]
  3406 | D:5      | Lost mutation: Your spells are a little easier to cast, but
                  | a little less powerful. [potion of mutation]
  3406 | D:5      | Gained mutation: Your tail ends in a venomous barb. [potion
                  | of mutation]
  3406 | D:5      | Gained mutation: Your mind is acute. (Int +4, Str/Dex -1)
                  | [potion of mutation]
  3428 | D:5      | Lost mutation: Your mind is acute. (Int +4, Str/Dex -1)
                  | [potion of mutation]
  3428 | D:5      | Lost mutation: Your tail ends in a venomous barb. [potion
                  | of mutation]
  3428 | D:5      | Gained mutation: Your mind is acute. (Int +4, Str/Dex -1)
                  | [potion of mutation]
  3428 | D:5      | Gained mutation: You are strong-willed. (Will+) [potion of
                  | mutation]
  3766 | D:5      | Noticed wpisznazwe's ghost (weakling VSDe)
  3774 | D:5      | Found a runed translucent gate.
  3774 | D:5      | Found a runed translucent gate.
  3777 | D:5      | Found a runed translucent gate.
  4569 | D:5      | Found a snail-covered altar of Cheibriados.
  4758 | D:6      | Noticed Eustachio
  4770 | D:6      | Killed Eustachio
  4813 | D:6      | Reached XP level 8. HP: 63/63 MP: 9/14
  4823 | D:6      | Found a hazy altar of Hepliaklqana.
  4836 | D:6      | Became a worshipper of Hepliaklqana the Forgotten
  4887 | D:6      | Learned a level 4 spell: Fulminant Prism
  5324 | D:6      | Reached skill level 6 in Conjurations
  5324 | D:6      | Reached skill level 1 in Hexes
  5382 | D:6      | Reached skill level 5 in Stealth
  5513 | D:6      | Reached skill level 5 in Spellcasting
  5513 | D:6      | Reached XP level 9. HP: 71/71 MP: 7/16
  6142 | D:7      | Noticed Maggie
  6175 | D:7      | Killed Maggie
  6176 | D:7      | Reached skill level 5 in Dodging
  6404 | D:7      | Noticed Joseph
  6774 | D:7      | Killed Joseph
  6775 | D:7      | Reached skill level 7 in Conjurations
  7452 | D:7      | Learned a level 4 spell: Iskenderun's Mystic Blast
  7473 | D:7      | Found a staircase to the Ecumenical Temple.
  7496 | Temple   | Entered the Ecumenical Temple
  7585 | D:7      | Reached * piety under Hepliaklqana
  7675 | D:7      | Learned a level 3 spell: Dazzling Flash
  8136 | D:8      | Noticed Erica
  8661 | D:8      | Found a flagged portal.
  8680 | D:8      | Killed Erica
  8681 | D:8      | Reached XP level 10. HP: 70/70 MP: 5/19
  8746 | D:8      | Noticed Grum
  8753 | D:8      | Killed Grum
  8796 | D:8      | Found a bloodstained altar of Trog.
  8813 | D:8      | Found a hide-covered altar of Uskayaw.
  9235 | D:8      | Noticed Gastronok
  9254 | D:8      | Killed Gastronok
  9255 | D:8      | Reached skill level 8 in Conjurations
  9336 | D:8      | Reached ** piety under Hepliaklqana
  9337 | D:8      | Remembered your ancestor Msizi as a knight
  9806 | D:9      | Reached skill level 5 in Hexes
 10262 | D:9      | Noticed a gargoyle
 10264 | D:9      | Noticed a gargoyle
 10268 | D:9      | Killed a gargoyle
 10269 | D:9      | Reached XP level 11. HP: 75/75 MP: 11/21
 10485 | D:9      | Noticed Psyche
 10488 | D:9      | Killed Psyche
 10602 | D:9      | Found a staircase to the Orcish Mines.
 10709 | Orc:1    | Entered Level 1 of the Orcish Mines
 10709 | Orc:1    | Noticed Josephine
 10709 | Orc:1    | Noticed an orc knight
 10709 | Orc:1    | Noticed an orc knight
 10823 | D:9      | Reached skill level 1 in Invocations
 10881 | D:9      | Killed an orc knight
 10882 | D:9      | Reached skill level 9 in Conjurations
 10918 | D:9      | Killed an orc knight
 11073 | D:9      | Killed Josephine
 11096 | Orc:1    | Noticed Erolcha
 11123 | Orc:1    | Noticed an orc sorcerer
 11128 | Orc:1    | Killed an orc sorcerer
 12157 | Orc:1    | Killed Erolcha
 12730 | Orc:2    | Entered Level 2 of the Orcish Mines
 12970 | Orc:2    | Noticed an orc knight
 12989 | Orc:2    | Killed an orc knight
 13041 | Orc:2    | Noticed an orc knight
 13050 | Orc:2    | Killed an orc knight
 13051 | Orc:2    | Reached XP level 12. HP: 81/81 MP: 14/24
 13311 | Orc:2    | Found a dark tunnel.
 13415 | Orc:2    | Found Maejyso's Jewellery Boutique.
 13415 | Orc:2    | Found Efeagg's Magic Scroll Emporium.
 13680 | Orc:2    | Reached *** piety under Hepliaklqana
 13776 | Orc:2    | Reached skill level 10 in Conjurations
 13801 | Orc:2    | Found Seimorre's Antique Armour Boutique.
 13801 | Orc:2    | Found Tisie's General Store.
 13805 | Orc:2    | Noticed Nessos
 14114 | Orc:2    | HP: 3/81 [Nessos/arrow (4)]
 14116 | Orc:2    | HP: 1/81 [Nessos/arrow (3)]
 14121 | Orc:1    | Succumbed to Nessos's poison

Illustrated notes

Levels and vault maps discovered:
D:1:      minmay_arrival_wavy_path, layout_loops_cross
D:2:      layout_basic, basic_altar, serial_shops, shop, st_stairs_1
D:3:      layout_basic, zin_treasury, led_sif_pool, biasface_ghost_orc_armoury,
          minmay_ruptured
D:4:      cheibrodos_quashed, layout_basic, elyvilon_altar_1,
          serial_bayou_crossing, uniq_grinder, uniq_duvessa
D:5:      layout_basic, mainiacjoe_overflow_brackets, overflow_temple_1_default,
          gammafunk_ghost_split
D:6:      layout_basic, mainiacjoe_overflow_surrounded_room, uniq_eustachio
D:7:      layout_loops_ring, minmay_temple_entry_overgrown, uniq_joseph,
          uniq_maggie
D:8:      layout_layer_cave, jmf_multi_god_temple, enter_bailey_4, uniq_erica,
          uniq_grum, uniq_gastronok
D:9:      cheibrodos_statue_roulette, layout_loops_ring,
          minmay_orc_entry_temple_small, minivault_27, uniq_psyche
Temple:   hellmonk_temple_rainy
Orc:1:    layout_caves, basic_altar, uniq_erolcha, uniq_josephine
Orc:2:    st_orc_town, layout_diamond_mine, serial_shops,
          nicolae_shop_bloodbath_and_beyond, enter_volcano_1, uniq_nessos

Skill      XL: |  1  2  3  4  5  6  7  8  9 10 11 12 |
---------------+-------------------------------------+-----
Stealth        | 2 3 4 5 6 7 8 9 |  9.3
Dodging        | 2 3 4 6 7 8 |  8.5
Fighting       | 1 2 3 4 |  4.0
Axes           | 1 |  1.2
Spellcasting   | 3 4 5 6 7 8 |  8.6
Staves         | 1 2 3 |  3.3
Conjurations   | 5 6 7 8 9 10 | 10.0
Hexes          | 2 4 5 6 7 |  7.2
Invocations    | 3 4 |  4.9

Action                     |  1- 3 |  4- 6 |  7- 9 | 10-12 || total
---------------------------+-------+-------+-------+-------++-------
  Melee: War axe           |     9 |    12 |       |       ||    21
         Staff             |       |     3 |     1 |     8 ||    12
         Tailslap          |       |     1 |     1 |       ||     2
   Cast: Magic Dart        |    42 |    73 |    89 |    32 ||   236
         Searing Ray       |     5 |    13 |    12 |     9 ||    39
         Fulminant Prism   |       |       |    92 |   191 ||   283
         Dazzling Flash    |       |       |     1 |       ||     1
 Invoke: Ancestor Life: Kn |       |       |       |     1 ||     1
  Evoke: Wand              |       |       |     3 |     3 ||     6
    Use: Scroll            |     1 |     6 |     1 |    12 ||    20
         Potion            |       |     2 |    14 |     4 ||    20
   Stab: Sleeping          |       |     2 |       |       ||     2
 Armour: Skin              |     7 |     8 |    22 |    31 ||    68
  Dodge: Dodged            |    10 |    24 |    53 |   115 ||   202

Table legend: (Time is in decaauts)
 A = Elapsed time spent in this place.
 B = Non-inter-level travel time spent in this place.
 C = Inter-level travel time spent in this place.
 D = Time resting spent in this place.
 E = Time spent auto-exploring this place.
 F = Levels seen in this place.
 G = Mean time per level.
                   A        B        C        D        E       F      G
               +--------+--------+--------+--------+--------+-----+--------+
         Total |  14158 |   8849 |   5309 |   5122 |   1847 |  12 | 1179.8 |
       Dungeon |  12094 |   7527 |   4567 |   4275 |   1837 |   9 | 1343.8 |
        Temple |     33 |     14 |     19 |      0 |     10 |   1 |   33.0 |
  Orcish Mines |   2030 |   1307 |    723 |    847 |      0 |   2 | 1015.0 |
               +--------+--------+--------+--------+--------+-----+--------+

Top non-repeatable levels by time:
     D:9: 2310 daAuts
     D:7: 2120 daAuts
     D:5: 1765 daAuts
     D:6: 1546 daAuts
   Orc:2: 1390 daAuts
     D:8: 1272 daAuts
     D:3: 1139 daAuts
     D:1: 758 daAuts
   Orc:1: 639 daAuts
     D:2: 591 daAuts
     D:4: 591 daAuts
  Temple: 33 daAuts
